| TOP OF THE 1ST |
|
Lexington Legends batting - Pitching for Lansing Lugnuts : LHP Steve Pratt
|
|
Pitching: LHP Steve Pratt
|
|
|
Batting: SHB Ryoji Hiraoka
|
0-0: Ball 1-0: Ground out 6-3 (Groundball, 6M, EV 96.9 MPH)
|
|
Batting: RHB Franklin Salazar
|
0-0: Ground out U3 (Groundball, 34S, EV 90.0 MPH)
|
|
Batting: RHB Andy Urquhart
|
0-0: Called Strike 0-1: Swinging Strike 0-2: Foul Ball, location: 2F 0-2: Strikes out swinging
|
| Top of the 1st over - 0 runs, 0 hits, 0 errors, 0 left on base; Lexington 0 - Lansing 0 |
| BOTTOM OF THE 1ST |
|
Lansing Lugnuts batting - Pitching for Lexington Legends : RHP Rich Frontczak
|
|
Pitching: RHP Rich Frontczak
|
|
|
Batting: RHB Tokuji Kawabata
|
0-0: Bunt for hit to 3S - play at first, batter OUT! 3-4
|
|
Batting: SHB Ryan Chicoine
|
0-0: Ball 1-0: Ball 2-0: Ball 3-0: Base on Balls
|
|
Batting: RHB Wade Diamond
|
0-0: Ball 1-0: Foul Ball, location: 2F 1-1: Ball 2-1: Ball 3-1: Called Strike 3-2: Base on Balls Ryan Chicoine to second
|
|
Batting: LHB Aaron Caron
|
0-0: Ball 1-0: Called Strike 1-1: TRIPLE (Flyball, 89XD, EV 104.4 MPH) Ryan Chicoine scores Wade Diamond scores
|
|
Batting: RHB Brock Van Gilder
|
0-0: Called Strike 0-1: Ball 1-1: Ball 2-1: DOUBLE (Line Drive, 89D, EV 104.4 MPH) Aaron Caron scores
|
|
Batting: RHB Chris Martin
|
0-0: Foul Ball, location: 2F 0-1: Swinging Strike 0-2: Strikes out looking
|
|
Pitching: RHP Tony Jimenez
|
|
|
Batting: RHB Dylan Phillips
|
0-0: Called Strike 0-1: Ball 1-1: Foul Ball, location: 2F 1-2: Ball 2-2: Ground out 4-3 (Groundball, 4M, EV 84.4 MPH)
|
| Bottom of the 1st over - 3 runs, 2 hits, 0 errors, 1 left on base; Lexington 0 - Lansing 3 |
| TOP OF THE 2ND |
|
Lexington Legends batting - Pitching for Lansing Lugnuts : LHP Steve Pratt
|
|
Batting: RHB Pete Deschamps
|
0-0: Called Strike 0-1: Ball 1-1: Ground out 5-3 (Groundball, 56, EV 106.2 MPH)
|
|
Batting: LHB Robert Wilkins
|
0-0: Called Strike 0-1: Ball 1-1: Called Strike 1-2: Ground out U3 (Groundball, 34D, EV 101.2 MPH)
|
|
Batting: RHB Ben Garrett
|
0-0: Swinging Strike 0-1: Ground out 5-3 (Groundball, 56S, EV 85.6 MPH)
|
| Top of the 2nd over - 0 runs, 0 hits, 0 errors, 0 left on base; Lexington 0 - Lansing 3 |
| BOTTOM OF THE 2ND |
|
Lansing Lugnuts batting - Pitching for Lexington Legends : RHP Tony Jimenez
|
|
Batting: LHB Roger Escareno
|
0-0: Swinging Strike 0-1: Swinging Strike 0-2: Foul Ball, location: 2F 0-2: Foul Ball, location: 2F 0-2: Strikes out swinging
|
|
Batting: RHB Frank Caulfield
|
0-0: Called Strike 0-1: SINGLE (Groundball, 6MD, EV 103.1 MPH)
|
|
Batting: RHB Tokuji Kawabata
|
0-0: Called Strike 0-1: Foul Ball, location: 2F 0-2: Ball 1-2: Ball 2-2: SINGLE (Popup, 3D, EV 63.1 MPH) Frank Caulfield to second
|
|
Batting: SHB Ryan Chicoine
|
0-0: Called Strike 0-1: Fly out, F7 (Flyball, 7D, EV 105.0 MPH) Runner from 2nd tags up, SAFE at 3rd, no throw by LF
|
|
Pitching: RHP Junsuke Abe
|
|
|
Batting: RHB Wade Diamond
|
0-0: Ball 1-0: Fielders Choice at 2nd, 6-4 (Groundball, 6D, EV 115.6 MPH)
|
| Bottom of the 2nd over - 0 runs, 2 hits, 0 errors, 2 left on base; Lexington 0 - Lansing 3 |
| TOP OF THE 3RD |
|
Lexington Legends batting - Pitching for Lansing Lugnuts : LHP Steve Pratt
|
|
Batting: LHB David Bearden
|
0-0: Swinging Strike 0-1: Ball 1-1: SINGLE (Line Drive, 56D, EV 100.0 MPH)
|
|
Batting: RHB Kunimatsu Oya
|
0-0: Ball 1-0: Ball 2-0: Fielders Choice at 2nd, 5-4 (Groundball, 15, EV 83.8 MPH)
|
|
Batting: RHB Eric Erickson
|
0-0: Called Strike 0-1: Foul Ball, location: 2F 0-2: Foul Ball, location: 2F 0-2: Ball 1-2: Strikes out swinging
|
|
Batting: SHB Ryoji Hiraoka
|
0-0: Ball Kunimatsu Oya steals 2nd base 1-0: Called Strike 1-1: Foul Ball, location: 2F 1-2: Ball 2-2: Ball 3-2: Strikes out swinging
|
| Top of the 3rd over - 0 runs, 1 hit, 0 errors, 1 left on base; Lexington 0 - Lansing 3 |
| BOTTOM OF THE 3RD |
|
Lansing Lugnuts batting - Pitching for Lexington Legends : RHP Junsuke Abe
|
|
Batting: LHB Aaron Caron
|
0-0: Ball 1-0: Called Strike 1-1: SINGLE (Groundball, 34D, EV 101.9 MPH)
|
|
Batting: RHB Brock Van Gilder
|
0-0: Ball 1-0: Ball 2-0: Ball 3-0: Called Strike 3-1: Foul Ball, location: 2F Pickoff Throw to First - Out! 1-3 3-2: Fly out, F7 (Flyball, 78XD, EV 93.8 MPH)
|
|
Batting: RHB Chris Martin
|
0-0: Ball 1-0: Ball 2-0: Ground out 6-3 (Groundball, 6, EV 108.8 MPH)
|
| Bottom of the 3rd over - 0 runs, 1 hit, 0 errors, 0 left on base; Lexington 0 - Lansing 3 |
| TOP OF THE 4TH |
|
Lexington Legends batting - Pitching for Lansing Lugnuts : LHP Steve Pratt
|
|
Batting: RHB Franklin Salazar
|
0-0: Ball 1-0: Swinging Strike 1-1: Foul Ball, location: 2F 1-2: Ball 2-2: Foul Ball, location: 2F 2-2: Foul Ball, location: 2F 2-2: Strikes out swinging
|
|
Batting: RHB Andy Urquhart
|
0-0: Called Strike 0-1: Ball 1-1: Ball 2-1: Fly out, F9 (Flyball, 9LD, EV 88.1 MPH)
|
|
Batting: RHB Pete Deschamps
|
0-0: Ball 1-0: Fly out, F8 (Flyball, 89M, EV 88.1 MPH)
|
| Top of the 4th over - 0 runs, 0 hits, 0 errors, 0 left on base; Lexington 0 - Lansing 3 |
| BOTTOM OF THE 4TH |
|
Lansing Lugnuts batting - Pitching for Lexington Legends : RHP Junsuke Abe
|
|
Batting: RHB Dylan Phillips
|
0-0: Ball 1-0: Fly out, F9 (Flyball, 89S, EV 91.9 MPH)
|
|
Batting: LHB Roger Escareno
|
0-0: Foul Ball, location: 2F 0-1: Called Strike 0-2: Ball 1-2: Foul Ball, location: 2F 1-2: Foul Ball, location: 2F 1-2: Strikes out swinging
|
|
Pitching: LHP Tyler Abraham
|
|
|
Batting: RHB Frank Caulfield
|
0-0: Called Strike 0-1: Foul Ball, location: 2F 0-2: Ground out 5-3 (Groundball, 15, EV 95.0 MPH)
|
| Bottom of the 4th over - 0 runs, 0 hits, 0 errors, 0 left on base; Lexington 0 - Lansing 3 |
| TOP OF THE 5TH |
|
Lexington Legends batting - Pitching for Lansing Lugnuts : LHP Steve Pratt
|
|
Batting: LHB Robert Wilkins
|
0-0: Called Strike 0-1: Ground out 5-3 (Groundball, 56, EV 101.2 MPH)
|
|
Batting: RHB Ben Garrett
|
0-0: Ball 1-0: Ball 2-0: Called Strike 2-1: Ball 3-1: Foul Ball, location: 2F 3-2: Base on Balls
|
|
Batting: LHB David Bearden
|
0-0: Ball 1-0: Ball 2-0: Ball 3-0: Called Strike 3-1: Fielders Choice at 2nd, 4-6 (Groundball, 4, EV 103.8 MPH)
|
|
Batting: RHB Kunimatsu Oya
|
0-0: Called Strike 0-1: Ball 1-1: Called Strike 1-2: Ball 2-2: Strikes out swinging
|
| Top of the 5th over - 0 runs, 0 hits, 0 errors, 1 left on base; Lexington 0 - Lansing 3 |
| BOTTOM OF THE 5TH |
|
Lansing Lugnuts batting - Pitching for Lexington Legends : LHP Tyler Abraham
|
|
Batting: RHB Tokuji Kawabata
|
0-0: Swinging Strike 0-1: Ball 1-1: Called Strike 1-2: Ball 2-2: Ball 3-2: Base on Balls
|
|
Batting: SHB Ryan Chicoine
|
0-0: Ball 1-0: Fly out, F3 (Popup, 3SF, EV 78.1 MPH)
|
|
Batting: RHB Wade Diamond
|
0-0: Foul Ball, location: 2F 0-1: Ball 1-1: SINGLE (Groundball, 56D, EV 99.4 MPH) Tokuji Kawabata to second
|
|
Batting: LHB Aaron Caron
|
0-0: SINGLE (Groundball, 3S, EV 67.5 MPH) (infield hit) Tokuji Kawabata to third Wade Diamond to second
|
|
Batting: RHB Brock Van Gilder
|
0-0: GRAND SLAM HOME RUN (Line Drive, 9D, EV 100.6 MPH), Distance : 380 ft
|
|
Pitching: LHP Hyoji Kawabata
|
|
|
Batting: RHB Chris Martin
|
0-0: Swinging Strike 0-1: Ground out 6-3 (Groundball, 6, EV 86.2 MPH)
|
|
Batting: RHB Dylan Phillips
|
0-0: Called Strike 0-1: Foul Ball, location: 2F 0-2: Foul Ball, location: 2F 0-2: Strikes out looking
|
| Bottom of the 5th over - 4 runs, 3 hits, 0 errors, 0 left on base; Lexington 0 - Lansing 7 |
| TOP OF THE 6TH |
|
Lexington Legends batting - Pitching for Lansing Lugnuts : LHP Steve Pratt
|
|
Batting: RHB Eric Erickson
|
0-0: Swinging Strike 0-1: Ball 1-1: Ground out 5-3 (Groundball, 5, EV 85.6 MPH)
|
|
Batting: SHB Ryoji Hiraoka
|
0-0: Ball 1-0: Foul Ball, location: 2F 1-1: Ball 2-1: Ball 3-1: Called Strike 3-2: Foul Ball, location: 2F 3-2: Ground out 6-3 (Groundball, 6, EV 86.2 MPH)
|
|
Batting: RHB Franklin Salazar
|
0-0: Foul Ball, location: 2F 0-1: Ball 1-1: Ball 2-1: DOUBLE (Line Drive, 3D, EV 106.9 MPH)
|
|
Batting: RHB Andy Urquhart
|
0-0: Called Strike 0-1: Ball 1-1: Foul Ball, location: 2F 1-2: Ball 2-2: Ball 3-2: Strikes out swinging
|
| Top of the 6th over - 0 runs, 1 hit, 0 errors, 1 left on base; Lexington 0 - Lansing 7 |
| BOTTOM OF THE 6TH |
|
Lansing Lugnuts batting - Pitching for Lexington Legends : LHP Hyoji Kawabata
|
|
Batting: LHB Roger Escareno
|
0-0: Ball 1-0: Ball 2-0: Ball 3-0: Called Strike 3-1: Fly out, F9 (Flyball, 9LMF, EV 100.6 MPH)
|
|
Batting: RHB Frank Caulfield
|
0-0: SINGLE (Groundball, 4D, EV 100.0 MPH)
|
|
Batting: RHB Tokuji Kawabata
|
0-0: Called Strike Frank Caulfield steals 2nd, throwing error, E2 Frank Caulfield to third 0-1: Foul Ball, location: 2F 0-2: Ground out 5-3 (Groundball, 56S, EV 93.8 MPH) Frank Caulfield scores
|
|
Batting: SHB Ryan Chicoine
|
0-0: Ball 1-0: Ball 2-0: Ball 3-0: Called Strike 3-1: Base on Balls
|
|
Pitching: RHP Alex Sanders
|
|
|
Batting: RHB Wade Diamond
|
0-0: Called Strike Ryan Chicoine steals 2nd base 0-1: Ball 1-1: Ground out U3 (Groundball, 13, EV 91.2 MPH)
|
| Bottom of the 6th over - 1 run, 1 hit, 1 error, 1 left on base; Lexington 0 - Lansing 8 |
| TOP OF THE 7TH |
|
Lexington Legends batting - Pitching for Lansing Lugnuts : LHP Steve Pratt
|
|
Batting: RHB Pete Deschamps
|
0-0: Ball 1-0: Foul Ball, location: 2F 1-1: Foul Ball, location: 2F 1-2: Strikes out swinging
|
|
Batting: LHB Robert Wilkins
|
0-0: Called Strike 0-1: Ball 1-1: Swinging Strike 1-2: Ground out 6-3 (Groundball, 56, EV 106.9 MPH)
|
|
Batting: RHB Ben Garrett
|
0-0: Called Strike 0-1: Ball 1-1: Ball 2-1: Foul Ball, location: 2F 2-2: Foul Ball, location: 2F 2-2: DOUBLE (Line Drive, 89D, EV 102.5 MPH)
|
|
Batting: LHB David Bearden
|
0-0: Ball 1-0: Ball 2-0: Called Strike 2-1: Ball 3-1: Ground out 4-3 (Groundball, 4, EV 82.5 MPH)
|
| Top of the 7th over - 0 runs, 1 hit, 0 errors, 1 left on base; Lexington 0 - Lansing 8 |
| BOTTOM OF THE 7TH |
|
Lansing Lugnuts batting - Pitching for Lexington Legends : RHP Alex Sanders
|
|
Batting: LHB Aaron Caron
|
0-0: Fly out, F7 (Flyball, 7LMF, EV 77.5 MPH)
|
|
Batting: RHB Brock Van Gilder
|
0-0: Foul Ball, location: 2F 0-1: Called Strike 0-2: Strikes out swinging
|
|
Batting: RHB Chris Martin
|
0-0: Ground out 6-3 (Groundball, 6, EV 110.6 MPH)
|
| Bottom of the 7th over - 0 runs, 0 hits, 0 errors, 0 left on base; Lexington 0 - Lansing 8 |
| TOP OF THE 8TH |
|
Lexington Legends batting - Pitching for Lansing Lugnuts : LHP Steve Pratt
|
|
Batting: RHB Kunimatsu Oya
|
0-0: Ball 1-0: SINGLE (Line Drive, 78S, EV 98.8 MPH)
|
|
Batting: RHB Eric Erickson
|
0-0: Ground out 4-3 (Groundball, 4MD, EV 106.2 MPH) Kunimatsu Oya to second
|
|
Batting: SHB Ryoji Hiraoka
|
0-0: Reached on error, E5 (Groundball, 56, EV 101.9 MPH) Kunimatsu Oya to third
|
|
Batting: RHB Franklin Salazar
|
0-0: Ground out 5-3 (Groundball, 5L, EV 83.1 MPH) Kunimatsu Oya scores Ryoji Hiraoka to second
|
|
Batting: RHB Andy Urquhart
|
0-0: Foul Ball, location: 2F 0-1: Foul Ball, location: 2F 0-2: SINGLE (Flyball, 34D, EV 90.0 MPH) Ryoji Hiraoka to third Runner from 3rd tries for Home, SAFE, throw by RF to home
|
|
Pitching: RHP Hanskarl Miller
|
|
|
Batting: RHB Pete Deschamps
|
0-0: Called Strike 0-1: Foul Ball, location: 2F 0-2: Foul Ball, location: 2F 0-2: Ball 1-2: Strikes out swinging
|
| Top of the 8th over - 2 runs, 2 hits, 1 error, 1 left on base; Lexington 2 - Lansing 8 |
| BOTTOM OF THE 8TH |
|
Lansing Lugnuts batting - Pitching for Lexington Legends : RHP Alex Sanders
|
|
Batting: RHB Dylan Phillips
|
0-0: Called Strike 0-1: Foul Ball, location: 2F 0-2: SINGLE (Groundball, 34D, EV 98.8 MPH)
|
|
Batting: LHB Roger Escareno
|
0-0: Foul Ball, location: 2F 0-1: Ground out 6-3 (Groundball, 6MS, EV 71.9 MPH) Dylan Phillips to second
|
|
Batting: RHB Frank Caulfield
|
0-0: Ball 1-0: Ball 2-0: Ball 3-0: Called Strike 3-1: Foul Ball, location: 2F 3-2: Base on Balls
|
|
Pitching: RHP Howie Seidler
|
|
|
Batting: RHB Tokuji Kawabata
|
0-0: Ball 1-0: Ball 2-0: SINGLE (Line Drive, 5D, EV 96.9 MPH) Dylan Phillips to third Frank Caulfield to second Runner from 3rd tries for Home, throw by LF and OUT! 7-2
|
|
Batting: SHB Ryan Chicoine
|
0-0: Foul Ball, location: 2F 0-1: Fly out, F7 (Flyball, 7, EV 80.6 MPH)
|
| Bottom of the 8th over - 0 runs, 2 hits, 0 errors, 2 left on base; Lexington 2 - Lansing 8 |
| TOP OF THE 9TH |
|
Lexington Legends batting - Pitching for Lansing Lugnuts : RHP Hanskarl Miller
|
|
Batting: LHB Robert Wilkins
|
0-0: Ball 1-0: Ball 2-0: Swinging Strike 2-1: DOUBLE (Groundball, 3L, EV 101.2 MPH)
|
|
Batting: RHB Ben Garrett
|
0-0: Foul Ball, location: 2F 0-1: Foul Ball, location: 2F 0-2: Fly out, F9 (Flyball, 9S, EV 85.0 MPH)
|
|
Batting: LHB David Bearden
|
0-0: Called Strike 0-1: Foul Ball, location: 2F 0-2: Foul Ball, location: 2F 0-2: Ground out 6-3 (Groundball, 6, EV 100.0 MPH)
|
|
Batting: RHB Kunimatsu Oya
|
0-0: Ball 1-0: Fly out, F7 (Flyball, 7, EV 81.2 MPH)
|
| Top of the 9th over - 0 runs, 1 hit, 0 errors, 1 left on base; Lexington 2 - Lansing 8 |
|